[Event "Titled Tuesday Blitz May 23 Late 2023"]
[White "Bernabeu Lopez, Carlos Javier"]
[Black "Papasimakopoulos, Alexandros"]
[WhiteFideId "2235366"]
[BlackFideId "4244125"]
[WhiteElo "2344"]
[BlackElo "2359"]
[Result "0-1"]
[Round "08"]
[TimeControl "180+2"]
[Date "2023.05.23"]
[WhiteClock "0:00:03"]
[BlackClock "0:00:08"]

1. e4 e6 2. d4 d5 3. Nd2 Nf6 4. e5 Nfd7 5. Bd3 c5 6. c3 b5 7. Ngf3 b4 8. O-O bxc3 9. bxc3 Ba6 10. Bxa6 Nxa6 11. Qa4 Nc7 12. Ba3 Be7 13. Bxc5 Bxc5 14. dxc5 O-O 15. Nb3 a5 16. c4 Na6 17. cxd5 Ndxc5 18. Nxc5 Nxc5 19. Qc6 Qxd5 20. Qxd5 exd5 21. Rfd1 Rfd8 22. Rac1 Ne6 23. Nd4 Nxd4 24. Rxd4 Rac8 25. Rxc8 Rxc8 26. g3 Rc5 27. Kg2 Kf8 28. Rh4 h6 29. Rg4 g6 30. Rh4 h5 31. Rf4 Ke7 32. h4 Rc4 33. Rf6 Ra4 34. Rd6 d4 35. Kf1 Ke8 36. Kg2 Kf8 37. Rd7 Ke8 38. Rd6 Rxa2 39. Rxd4 Re2 40. Rd5 a4 41. Ra5 Ra2 42. Ra7 a3 43. Kf3 Kf8 44. Ke3 Kg8 45. f3 Ra1 46. Kf4 a2 47. Ra8+ Kg7 48. Ra7 Kf8 49. Kg5 Rg1 50. Rxa2 Rxg3+ 51. Kh6 Rxf3 52. Ra8+ Ke7 53. Kg7 Ke6 54. Re8+ Kd5 55. Re7 Rf4 56. Rxf7 Kxe5 57. Ra7 Rg4 58. Kh6 Kf4 59. Ra3 Ke4 60. Rb3 Kf4 61. Ra3 Rg3 62. Ra4+ Kf3 63. Rb4 Rg4 64. Rb3+ Kg2 65. Ra3 Kh2 66. Kg7 Rg3 67. Ra4 Kh3 68. Kf6 Rg4 69. Ra3+ Kxh4 70. Rb3 g5 71. Kg6 Ra4 72. Rb1 Ra3 73. Rh1+ Rh3 74. Rd1 g4 75. Rd5 Ra3 76. Rxh5+ Kg3 77. Rb5 Kh3 78. Kh5 g3 79. Rb1 g2 80. Kg5 Kh2 81. Rb2 Kh1 0-1


[Site "https://www.chess.com"]

[Event "Titled Tuesday Blitz May 23 Late 2023"]
[White "Badmatsyrenov, Oleg"]
[Black "Korchmar, Vasiliy"]
[WhiteFideId "24115762"]
[BlackFideId "24131750"]
[WhiteElo "2396"]
[BlackElo "2370"]
[Result "1-0"]
[Round "08"]
[TimeControl "180+2"]
[Date "2023.05.23"]
[WhiteClock "0:00:18"]
[BlackClock "0:00:00"]

1. e4 c5 2. Nf3 d6 3. d4 cxd4 4. Nxd4 Nf6 5. Nc3 Nc6 6. Bg5 Bd7 7. Bxf6 gxf6 8. Nf5 Qa5 9. Bb5 a6 10. Bxc6 bxc6 11. Qd3 Rb8 12. O-O Bxf5 13. exf5 Bh6 14. g3 Rxb2 15. Rab1 Rxb1 16. Rxb1 O-O 17. Re1 Re8 18. Re2 Qb4 19. Re4 Qc5 20. Rc4 Qb6 21. Rg4+ Kh8 22. Qc4 d5 23. Qd3 Rg8 24. Rh4 Bf8 25. Ne2 Qb5 26. Qf3 Qb1+ 27. Kg2 Qxc2 28. Nf4 Rg5 29. g4 Qxf5 30. h3 Qe4 31. Qxe4 dxe4 32. Ne2 c5 33. Nc3 f5 34. Kf1 Bg7 35. Na4 c4 36. gxf5 Rxf5 37. Rxe4 c3 38. Rc4 Ra5 39. Rc8+ Bf8 40. Nxc3 Kg7 41. Kg2 e6 42. Rc7 Bd6 43. Rc6 Be5 44. Nd1 Rxa2 45. Rc4 a5 46. Ne3 Bf6 47. Rg4+ Kf8 48. Rc4 a4 49. Ng4 Be7 50. Rc8+ Kg7 51. Rc7 Bf6 52. Rc4 a3 53. Ra4 Ra1 54. Ne3 Bb2 55. Nc2 Rc1 56. Nxa3 Ra1 57. Rg4+ Kf6 58. Nc4 Ra2 59. Nd6 1-0


[Site "https://www.chess.com"]

[Event "Titled Tuesday Blitz May 23 Late 2023"]
[White "Jaracz, Pawel"]
[Black "Adla, Diego"]
[WhiteFideId "1102222"]
[BlackFideId "100072"]
[WhiteElo "2438"]
[BlackElo "2377"]
[Result "1-0"]
[Round "08"]
[TimeControl "180+2"]
[Date "2023.05.23"]
[WhiteClock "0:00:05"]
[BlackClock "0:00:02"]

1. d4 Nf6 2. c4 e6 3. Nc3 Bb4 4. Qc2 O-O 5. Nf3 d5 6. cxd5 exd5 7. Bg5 h6 8. Bh4 c5 9. e3 Nc6 10. dxc5 Be6 11. Be2 Bxc5 12. O-O Be7 13. Rad1 Rc8 14. Qc1 Ne4 15. Bxe7 Nxe7 16. Nd4 Nxc3 17. bxc3 Qa5 18. Qb2 b6 19. Rc1 Rc7 20. Nxe6 fxe6 21. c4 Rfc8 22. Bg4 Nf5 23. Qe5 Kf7 24. e4 dxe4 25. Qxe4 g6 26. g3 Kf6 27. Rfe1 Rc6 28. c5 bxc5 29. Qe5+ Kf7 30. h4 Qc7 31. Qe4 h5 32. Bxf5 exf5 33. Qd5+ Kg7 34. Rcd1 c4 35. Qd4+ Kh7 36. Qc3 Rd8 37. Rb1 Rd7 38. Re8 Rg7 39. Rbb8 g5 40. Rh8+ Kg6 41. hxg5 Qe7 42. Rh6+ Kxg5 43. Rxc6 Qe1+ 44. Qxe1 1-0


[Site "https://www.chess.com"]

[Event "Titled Tuesday Blitz May 23 Late 2023"]
[White "Javakhadze, Zurab"]
[Black "Arabidze, Meri"]
[WhiteFideId "13603647"]
[BlackFideId "13604040"]
[WhiteElo "2381"]
[BlackElo "2405"]
[Result "0-1"]
[Round "08"]
[TimeControl "180+2"]
[Date "2023.05.23"]
[WhiteClock "0:00:00"]
[BlackClock "0:00:51"]

1. Nf3 Nf6 2. c4 b6 3. d4 e6 4. a3 Bb7 5. Nc3 d5 6. cxd5 Nxd5 7. Qc2 Nd7 8. e4 Nxc3 9. bxc3 Be7 10. Bd3 c5 11. Bf4 O-O 12. O-O Rc8 13. Qe2 cxd4 14. cxd4 Nf6 15. Rfd1 Rc3 16. a4 Rxd3 17. Qxd3 Bxe4 18. Qe2 Qa8 19. a5 Bxf3 20. Qxf3 Qxf3 21. gxf3 Nd5 22. Bd2 Bf6 23. Be3 h5 24. Rdc1 g5 25. Kf1 Kg7 26. Ke2 Kg6 27. a6 Kf5 28. Rc4 b5 29. Rc5 b4 30. Kd3 g4 31. Raa5 Bd8 32. Rxd5+ exd5 33. Rxd5+ Kg6 34. Rb5 Bb6 0-1


[Site "https://www.chess.com"]

[Event "Titled Tuesday Blitz May 23 Late 2023"]
[White "Naroditsky, Daniel"]
[Black "Annaberdiyev, Meylis"]
[WhiteFideId "2026961"]
[BlackFideId "14000563"]
[WhiteElo "2633"]
[BlackElo "2416"]
[Result "1-0"]
[Round "08"]
[TimeControl "180+2"]
[Date "2023.05.23"]
[WhiteClock "0:02:23"]
[BlackClock "0:00:19"]

1. d4 Nf6 2. Nc3 d5 3. Bf4 e6 4. e3 Bb4 5. Bd3 c5 6. dxc5 Nbd7 7. Nf3 Nxc5 8. O-O Bxc3 9. bxc3 O-O 10. Ne5 h6 11. Qf3 Nce4 12. Qh3 Nd7 13. f3 Nxe5 14. Bxe5 Nf6 15. Qg3 Bd7 16. Rab1 b6 17. Rb4 Rc8 18. Rh4 Ne8 19. Rxh6 f6 20. Qg6 1-0


[Site "https://www.chess.com"]

[Event "Titled Tuesday Blitz May 23 Late 2023"]
[White "Paravyan, David"]
[Black "Haydon, David L"]
[WhiteFideId "4194985"]
[BlackFideId "415405"]
[WhiteElo "2563"]
[BlackElo "2326"]
[Result "1-0"]
[Round "08"]
[TimeControl "180+2"]
[Date "2023.05.23"]
[WhiteClock "0:03:01"]
[BlackClock "0:02:13"]

1. e4 d5 2. exd5 Qxd5 3. Nc3 Qd8 4. d4 Nf6 5. Nf3 g6 6. Bf4 Bg7 7. Qd2 O-O 8. O-O-O Re8 9. Bh6 Bh8 10. Bc4 c6 11. h4 b5 12. Bb3 a5 13. h5 a4 14. Bxf7+ Kxf7 15. Ne5+ Ke6 16. Rhe1 1-0


[Site "https://www.chess.com"]

[Event "Titled Tuesday Blitz May 23 Late 2023"]
[White "carokannlover213"]
[Black "Cordova, Emilio"]
[BlackFideId "3801497"]
[WhiteElo "2671"]
[BlackElo "2607"]
[Result "0-1"]
[Round "08"]
[TimeControl "180+2"]
[Date "2023.05.23"]
[WhiteClock "0:00:00"]
[BlackClock "0:00:19"]

1. e4 c5 2. Nf3 Nc6 3. d4 cxd4 4. Nxd4 Nf6 5. Nc3 d6 6. f3 Bd7 7. Be3 h5 8. Qd2 Rc8 9. O-O-O a6 10. Bg5 e6 11. f4 Be7 12. Nxc6 Bxc6 13. Bd3 b5 14. a3 Nd7 15. Bxe7 Qxe7 16. Rhe1 Nc5 17. Qe3 e5 18. Nd5 Bxd5 19. exd5 e4 20. Bxe4 Kf8 21. Bf5 Qxe3+ 22. Rxe3 Rc7 23. Rde1 g6 24. Bd3 Kg7 25. Kb1 Kf6 26. c3 h4 27. Bc2 Rh5 28. Rd1 Nd7 29. g4 hxg3 30. hxg3 Nb6 31. Red3 Rh2 32. Rf3 Rc5 33. Rfd3 Rg2 34. Bb3 Nc4 35. Bxc4 bxc4 36. R3d2 Rxg3 37. Rf1 Kf5 38. Kc2 Rg4 39. Rd4 Rg2+ 40. Kc1 Rb5 41. b4 cxb3 42. Kb1 Rc5 43. c4 Ra5 44. Rd3 Rxa3 45. Re1 Rga2 0-1


[Site "https://www.chess.com"]

[Event "Titled Tuesday Blitz May 23 Late 2023"]
[White "Maksimovic, Bojan"]
[Black "HamedWafa4"]
[WhiteFideId "14408120"]
[WhiteElo "2468"]
[BlackElo "2638"]
[Result "1-0"]
[Round "08"]
[TimeControl "180+2"]
[Date "2023.05.23"]
[WhiteClock "0:00:23"]
[BlackClock "0:00:01"]

1. Nf3 Nf6 2. g3 g6 3. Bg2 Bg7 4. O-O O-O 5. d3 d6 6. Nbd2 e5 7. c3 Nc6 8. e4 h6 9. Qc2 Be6 10. b4 Qd7 11. Re1 Rfe8 12. a4 Bh3 13. Bh1 a6 14. Nb3 Ng4 15. b5 Ne7 16. c4 axb5 17. cxb5 f5 18. exf5 Nxf5 19. Bb2 Rf8 20. Rec1 Rf7 21. Nbd2 Raf8 22. Qc4 Kh7 23. a5 Nd4 24. Bxd4 exd4 25. a6 bxa6 26. bxa6 Ne5 27. Nxe5 Bxe5 28. Qc6 Qf5 29. Ne4 Bxg3 30. hxg3 Qg4 31. Qxc7 Rxc7 32. Rxc7+ Kh8 33. a7 Ra8 34. Rh7+ 1-0


[Site "https://www.chess.com"]

[Event "Titled Tuesday Blitz May 23 Late 2023"]
[White "Holt, Conrad"]
[Black "Aldokhin, Ivan"]
[WhiteFideId "2034387"]
[BlackFideId "24115720"]
[WhiteElo "2592"]
[BlackElo "2322"]
[Result "1-0"]
[Round "08"]
[TimeControl "180+2"]
[Date "2023.05.23"]
[WhiteClock "0:01:27"]
[BlackClock "0:00:00"]

1. d4 Nf6 2. c4 g6 3. Nc3 Bg7 4. e4 O-O 5. Nf3 d6 6. h3 Nc6 7. d5 Nb4 8. Be2 Re8 9. O-O e6 10. a3 Na6 11. Qc2 exd5 12. cxd5 Nc5 13. Nd2 a5 14. Re1 Bd7 15. Bc4 Nh5 16. Nf3 Nf6 17. Bf4 b5 18. Nxb5 Nfxe4 19. a4 Qf6 20. Bc1 Rac8 21. Ra3 Bf5 22. Rae3 Re7 23. Nfd4 Bd7 24. f3 Ng5 25. Rxe7 Bxh3 26. Re8+ Rxe8 27. Rxe8+ Bf8 28. Qd2 1-0


[Site "https://www.chess.com"]

[Event "Titled Tuesday Blitz May 23 Late 2023"]
[White "Sieciechowicz, Marcin"]
[Black "Kleiman, Jake"]
[WhiteFideId "1130170"]
[BlackFideId "2020041"]
[WhiteElo "2302"]
[BlackElo "2623"]
[Result "0-1"]
[Round "08"]
[TimeControl "180+2"]
[Date "2023.05.23"]
[WhiteClock "0:00:00"]
[BlackClock "0:00:08"]

1. d4 Nf6 2. c4 e6 3. Nc3 Bb4 4. Qc2 O-O 5. Nf3 d5 6. cxd5 exd5 7. Bf4 Ne4 8. e3 c5 9. Bd3 Nc6 10. O-O Bxc3 11. bxc3 Bf5 12. dxc5 Bg6 13. Nd4 Nxc5 14. Bxg6 hxg6 15. Nxc6 bxc6 16. c4 d4 17. Rfd1 d3 18. Qc3 Qe7 19. Be5 Na4 20. Qa5 Nc5 21. Bd4 Ne6 22. Rxd3 Rfd8 23. Rad1 Rab8 24. h3 c5 25. Be5 Rxd3 26. Rxd3 Rb1+ 27. Kh2 Qg5 28. Bg3 Qf5 29. Qd2 Ng5 30. Rd8+ Kh7 31. Rd5 Nf3+ 0-1


[Site "https://www.chess.com"]

[Event "Titled Tuesday Blitz May 23 Late 2023"]
[White "Zemlyanskii, Ivan"]
[Black "Fishbein, Alexander"]
[WhiteFideId "24249971"]
[BlackFideId "2000377"]
[WhiteElo "2421"]
[BlackElo "2415"]
[Result "1-0"]
[Round "08"]
[TimeControl "180+2"]
[Date "2023.05.23"]
[WhiteClock "0:00:07"]
[BlackClock "0:00:00"]

1. d4 Nf6 2. c4 g6 3. h4 c5 4. d5 b5 5. cxb5 a6 6. e3 Bg7 7. Nc3 O-O 8. Nf3 d6 9. a4 Bg4 10. e4 axb5 11. Bxb5 Nbd7 12. Be2 Qb6 13. O-O Rfb8 14. Ra3 Qa5 15. Nd2 Bxe2 16. Qxe2 Qa6 17. Nb5 h5 18. Nc4 Nb6 19. b3 Nxc4 20. bxc4 Qc8 21. Bd2 Ng4 22. a5 Ra6 23. f3 Ne5 24. Kh2 Qd7 25. Rb1 e6 26. Rab3 Qe7 27. g3 exd5 28. cxd5 c4 29. Rb4 Qd7 30. Na3 Rxb4 31. Rxb4 f5 32. Nxc4 Ra8 33. Nb6 Qd8 34. Nxa8 Qxa8 35. Rb6 Kh7 36. Rxd6 fxe4 37. Qxe4 Qb8 38. Re6 Qb2 39. Qe2 Nc4 40. Qxc4 Qxd2+ 41. Re2 Qd1 42. a6 Bd4 43. Qc7+ Kh6 44. Qf4+ Kh7 45. Re7+ Bg7 46. Qe5 1-0


[Site "https://www.chess.com"]

[Event "Titled Tuesday Blitz May 23 Late 2023"]
[White "Dimitrov, Atanas"]
[Black "Wadsworth, Matthew J"]
[WhiteFideId "2901315"]
[BlackFideId "415804"]
[WhiteElo "2710"]
[BlackElo "2347"]
[Result "1-0"]
[Round "08"]
[TimeControl "180+2"]
[Date "2023.05.23"]
[WhiteClock "0:00:02"]
[BlackClock "0:00:00"]

1. Nf3 d5 2. e3 Nf6 3. c4 c6 4. Nc3 a6 5. b3 g6 6. Bb2 Bg7 7. Be2 O-O 8. O-O b5 9. Rc1 Nbd7 10. d4 Bb7 11. Nd2 Re8 12. Qc2 dxc4 13. bxc4 b4 14. Na4 e5 15. dxe5 Nxe5 16. Rfd1 Qc7 17. Nc5 Neg4 18. Nf3 Bc8 19. h3 Bf5 20. Qa4 Nxf2 21. Kxf2 Ne4+ 22. Nxe4 Bxb2 23. Nd6 Bxc1 24. Nxe8 Bxe3+ 25. Kxe3 Rxe8+ 26. Kf2 Qf4 27. Qb3 c5 28. Rd5 a5 29. a4 bxa3 30. Qxa3 Rxe2+ 31. Kxe2 Qxc4+ 32. Rd3 a4 33. Nd2 Bxd3+ 34. Qxd3 Qb4 35. Nc4 h5 36. Kd1 Kg7 37. Kc2 Qe1 38. Nd2 Qf2 39. Qc3+ Kh7 40. Qc4 a3 41. g4 h4 42. Qb3 Qg3 43. Qxf7+ Kh6 44. Qf8+ Kh7 45. Qe7+ Kh6 46. Qxc5 Qxh3 47. g5+ Kh7 48. Qe7+ Kh8 49. Ne4 Qf5 50. Kb3 h3 51. Kxa3 Qa5+ 52. Kb3 Qb5+ 53. Kc3 Qf5 54. Nf6 Qf3+ 55. Kd4 Qf4+ 56. Kc3 Qg3+ 57. Kb4 Qf4+ 58. Kb5 Qxg5+ 59. Kc6 Qc1+ 60. Kd7 Qd2+ 61. Ke8 Qh6 62. Qf7 Qg7 63. Qe6 h2 64. Qh3+ 1-0


[Site "https://www.chess.com"]

[Event "Titled Tuesday Blitz May 23 Late 2023"]
[White "Morefield, Jason"]
[Black "Filipascu"]
[WhiteFideId "30920825"]
[WhiteElo "2171"]
[BlackElo "2588"]
[Result "0-1"]
[Round "08"]
[TimeControl "180+2"]
[Date "2023.05.23"]
[WhiteClock "0:00:00"]
[BlackClock "0:01:11"]

1. e4 c5 2. Nf3 d6 3. Bb5+ Nd7 4. c4 Nf6 5. Nc3 g6 6. d3 Bg7 7. h3 O-O 8. Be3 Nb8 9. Qd2 a6 10. Ba4 Bd7 11. Bc2 Nc6 12. Nd5 e6 13. Nxf6+ Qxf6 14. Rb1 Qd8 15. h4 Nd4 16. h5 Nxc2+ 17. Qxc2 Qa5+ 18. Kf1 Qxa2 19. Bf4 Rfd8 20. hxg6 hxg6 21. Qc1 Qb3 22. Qe3 Qa2 23. Re1 Qxb2 24. Bxd6 Bc6 25. Bxc5 Qc3 26. Rd1 b5 27. cxb5 Bxb5 28. Ne1 Rac8 29. Rc1 Qb3 30. Qh3 Rxc5 31. Rxc5 Bxd3+ 32. Kg1 Qd1 33. Kh2 Bxe4 34. Rc4 Be5+ 35. g3 Bxh1 36. Kxh1 Qxe1+ 37. Kg2 Qe2 0-1


[Site "https://www.chess.com"]

[Event "Titled Tuesday Blitz May 23 Late 2023"]
[White "Baghdasaryan, Vahe"]
[Black "Timmermans, Mark"]
[WhiteFideId "13303139"]
[BlackFideId "1026399"]
[WhiteElo "2216"]
[BlackElo "2460"]
[Result "1-0"]
[Round "08"]
[TimeControl "180+2"]
[Date "2023.05.23"]
[WhiteClock "0:00:04"]
[BlackClock "0:00:00"]

1. e4 e5 2. Nf3 Nc6 3. Bc4 Nf6 4. d3 Be7 5. O-O O-O 6. c3 d5 7. exd5 Nxd5 8. Re1 Bg4 9. Nbd2 Nf4 10. Nf1 Bd6 11. h3 Bh5 12. Ng3 Bg6 13. Ne4 Kh8 14. d4 Bxe4 15. Rxe4 f5 16. Re1 e4 17. Nh2 Qg5 18. g3 Nxh3+ 19. Kg2 Nf4+ 20. Kh1 Rf6 21. Bxf4 Bxf4 22. gxf4 Qxf4 23. Qe2 Rh6 24. f3 Re8 25. fxe4 Rxe4 26. Qg2 Rg6 27. Rxe4 fxe4 28. Rf1 Qd6 29. Qxe4 Qd8 30. Bd3 Rh6 31. Qf5 Qg8 32. Qf8 Nd8 33. Bc4 Ne6 34. Bxe6 Rxe6 35. Ng4 Rg6 36. Qe7 Rxg4 37. Rf8 h6 38. Rxg8+ Kxg8 39. Qe6+ 1-0


[Site "https://www.chess.com"]

[Event "Titled Tuesday Blitz May 23 Late 2023"]
[White "Machidon, Cristi"]
[Black "Sun, Rick"]
[WhiteFideId "13904590"]
[BlackFideId "30909481"]
[WhiteElo "2355"]
[BlackElo "2169"]
[Result "1-0"]
[Round "08"]
[TimeControl "180+2"]
[Date "2023.05.23"]
[WhiteClock "0:00:53"]
[BlackClock "0:00:00"]

1. d4 d6 2. e4 Nf6 3. Nc3 Nbd7 4. Nf3 e5 5. Be3 Be7 6. h3 c6 7. a4 Qc7 8. Be2 O-O 9. O-O Re8 10. Re1 Nf8 11. a5 Ng6 12. dxe5 dxe5 13. Bc4 h6 14. Nd2 Bb4 15. Qf3 Kh7 16. a6 b5 17. Bb3 Be6 18. Bxe6 Rxe6 19. Nb3 c5 20. Nxb5 Qc6 21. Nc3 Bxc3 22. bxc3 Qxe4 23. Qxe4 Nxe4 24. Nxc5 Nxc5 25. Bxc5 Rc6 26. Ra5 f6 27. Rb1 Nf4 28. Rb7 Ne6 29. Bxa7 Rxc3 30. Be3 Nd8 31. Rb6 Rxc2 32. a7 Nc6 33. Raa6 Nxa7 34. Rb7 Rg8 35. Raxa7 Kg6 36. g4 1-0


[Site "https://www.chess.com"]

[Event "Titled Tuesday Blitz May 23 Late 2023"]
[White "Ilkhomi, Jaloliddin"]
[Black "Chyngyz, Sultai"]
[WhiteFideId "14700948"]
[BlackFideId "13803158"]
[WhiteElo "2045"]
[BlackElo "1408"]
[Result "1-0"]
[Round "08"]
[TimeControl "180+2"]
[Date "2023.05.23"]
[WhiteClock "0:01:26"]
[BlackClock "0:00:55"]

1. Nf3 Nf6 2. d4 g6 3. c4 Bg7 4. Nc3 O-O 5. e4 d6 6. Be2 e5 7. dxe5 dxe5 8. Qxd8 Rxd8 9. Bg5 Re8 10. Nd5 Nxd5 11. cxd5 c6 12. Bc4 cxd5 13. Bxd5 Nc6 14. O-O-O Bg4 15. Bxc6 bxc6 16. h3 Be6 17. Kb1 Rab8 18. Rd6 f5 19. Nd2 f4 20. f3 Rb6 21. Rc1 Reb8 22. b3 Bf7 23. Rcxc6 Rxc6 24. Rxc6 h6 25. Be7 g5 26. Nc4 h5 27. Bxg5 Rb7 28. Nd6 Rd7 29. Nxf7 Kxf7 30. Kc2 a5 31. Bh4 Bf8 32. Be1 a4 33. bxa4 Ke8 34. a5 Rg7 35. Rc8+ Kd7 36. Rxf8 Rxg2+ 37. Bd2 Kc6 38. Rf5 Kb5 39. Rxe5+ Kc4 40. a6 Rg7 41. Ra5 Ra7 42. Bxf4 h4 43. Be3 Ra8 44. a7 Rb8 45. Rc5+ Kb4 46. axb8=Q+ Ka3 47. Qb3# 1-0


[Site "https://www.chess.com"]

[Event "Titled Tuesday Blitz May 23 Late 2023"]
[White "Fridman, Daniel"]
[Black "Gurevich, Dmitry"]
[WhiteFideId "11600454"]
[BlackFideId "2000407"]
[WhiteElo "2525"]
[BlackElo "2506"]
[Result "1-0"]
[Round "08"]
[TimeControl "180+2"]
[Date "2023.05.23"]
[WhiteClock "0:00:57"]
[BlackClock "0:00:00"]

1. d4 Nf6 2. Nf3 e6 3. c4 a6 4. Nc3 c5 5. d5 b5 6. dxe6 fxe6 7. cxb5 axb5 8. Nxb5 Qa5+ 9. Nc3 d5 10. e3 Nc6 11. Bb5 Bd7 12. O-O Be7 13. Bd2 Qb6 14. Qb3 O-O 15. Bxc6 Qxb3 16. axb3 Bxc6 17. Ne5 Bb7 18. Nb5 Rfc8 19. Rxa8 Rxa8 20. Nc7 Ra2 21. Bc3 Bc8 22. f3 Bd6 23. Nb5 Bxe5 24. Bxe5 Ba6 25. Nc3 Rxb2 26. Ra1 Nd7 27. Bd6 Bd3 28. Ra7 Rxb3 29. Na4 Nf6 30. Nxc5 Rb1+ 31. Kf2 Bc4 32. Nxe6 Nh5 33. g4 Rb2+ 34. Ke1 Re2+ 35. Kd1 Rxe3 36. Ra8+ Kf7 37. Nd8+ Kg6 38. gxh5+ Kxh5 39. Ra7 Rxf3 40. Rxg7 Kh6 41. Rg3 Rxg3 42. hxg3 Kg5 43. Be7+ Kg4 44. Bh4 1-0


[Site "https://www.chess.com"]

[Event "Titled Tuesday Blitz May 23 Late 2023"]
[White "FoxOnTheRun97"]
[Black "Licznerski, Lukasz"]
[BlackFideId "1179250"]
[WhiteElo "2562"]
[BlackElo "2453"]
[Result "0-1"]
[Round "08"]
[TimeControl "180+2"]
[Date "2023.05.23"]
[WhiteClock "0:00:12"]
[BlackClock "0:00:31"]

1. d4 Nf6 2. Bg5 e6 3. Nd2 c5 4. e4 cxd4 5. e5 Qa5 6. Nf3 Ne4 7. Bf4 Nc6 8. a3 Nxd2 9. Bxd2 Qd5 10. Qe2 d6 11. c4 dxc3 12. Bxc3 dxe5 13. Rd1 Qc5 14. Nxe5 Nxe5 15. Bxe5 Bd7 16. Bd4 Qf5 17. Qe3 Bc6 18. f3 Rd8 19. Bd3 Qa5+ 20. Bc3 Qh5 21. O-O Bc5 0-1


[Site "https://www.chess.com"]

[Event "Titled Tuesday Blitz May 23 Late 2023"]
[White "Hambleton, Aman"]
[Black "Safin, Robert"]
[WhiteFideId "2606577"]
[BlackFideId "34189120"]
[WhiteElo "2511"]
[BlackElo "2295"]
[Result "0-1"]
[Round "08"]
[TimeControl "180+2"]
[Date "2023.05.23"]
[WhiteClock "0:00:00"]
[BlackClock "0:01:05"]

1. c4 e6 2. d4 Nf6 3. Nc3 Bb4 4. Qc2 d5 5. cxd5 Qxd5 6. e3 c5 7. Bd2 Bxc3 8. bxc3 b6 9. Nf3 O-O 10. Bd3 Ba6 11. c4 Qh5 12. h3 Nbd7 13. O-O-O Bb7 14. g4 Qh6 15. e4 g5 16. h4 Qg7 17. hxg5 Nxg4 18. e5 Rfd8 19. Rxh7 Bxf3 20. Rxg7+ Kxg7 21. Rg1 cxd4 22. Rg3 Ndxe5 23. Bf4 Rac8 24. Kb2 Rc5 25. Rh3 Rdc8 26. Rxf3 Nxf3 27. Qe2 Nge5 28. Be4 d3 29. Qd1 Rxc4 30. Bxf3 Rxf4 31. Bh5 Rc2+ 32. Kb3 a5 0-1


[Site "https://www.chess.com"]

[Event "Titled Tuesday Blitz May 23 Late 2023"]
[White "Fernandez Guillen, Ernesto J."]
[Black "Bartel, Michal"]
[WhiteFideId "3512428"]
[BlackFideId "1119257"]
[WhiteElo "2429"]
[BlackElo "2282"]
[Result "1/2-1/2"]
[Round "08"]
[TimeControl "180+2"]
[Date "2023.05.23"]
[WhiteClock "0:00:07"]
[BlackClock "0:00:20"]

1. e4 e5 2. Nf3 Nc6 3. d4 exd4 4. Bc4 g6 5. O-O Bg7 6. c3 d3 7. Bg5 f6 8. Be3 d6 9. Bxd3 Nh6 10. h3 Nf7 11. Nbd2 O-O 12. Bc4 Qe7 13. Re1 Kh8 14. Bb3 Nfe5 15. Qe2 Bd7 16. Rad1 Rae8 17. Nd4 Nxd4 18. cxd4 Nc6 19. Rc1 Rc8 20. f4 a6 21. Bc2 Qf7 22. Bb1 Rfe8 23. Nf3 Ne7 24. a3 Bh6 25. b4 Qb3 26. Qa2 Qxa2 27. Bxa2 Bc6 28. d5 Bb5 29. g3 Bg7 30. Bd4 Bd7 31. Kg2 c6 32. g4 cxd5 33. exd5 Ng8 34. Kf2 Rxe1 35. Rxc8 Bxc8 36. Nxe1 Ne7 37. Nc2 Kg8 38. Ne3 b5 39. a4 Bd7 40. a5 Kf8 41. Kf3 Kf7 42. Bb1 f5 43. Bxg7 Kxg7 44. g5 Bc8 45. Ba2 Bb7 46. Ke2 Kf7 47. Kd3 Ke8 48. Kd4 Kd7 49. h4 Ng8 50. Bb3 Ne7 51. Bd1 Ng8 52. h5 Ne7 53. h6 Ng8 54. Bc2 Ke7 55. Bxf5 gxf5 56. Nxf5+ Kd7 57. g6 Nxh6 58. Nxh6 hxg6 59. Ng8 Ke8 60. Nf6+ Ke7 61. Ne4 Bc8 62. Nc3 Kf6 63. Ne4+ Ke7 64. Ke3 Bf5 65. Nc3 Kf6 66. Ne2 Bb1 67. Nd4 Ba2 68. Ke4 Bb1+ 69. Ke3 Ba2 70. Ke4 Bb1+ 71. Ke3 1/2-1/2


[Site "https://www.chess.com"]

[Event "Titled Tuesday Blitz May 23 Late 2023"]
[White "Fiorito, Francisco"]
[Black "Bryakin, Mikhail"]
[WhiteFideId "180165"]
[BlackFideId "4165314"]
[WhiteElo "2341"]
[BlackElo "2467"]
[Result "1-0"]
[Round "08"]
[TimeControl "180+2"]
[Date "2023.05.23"]
[WhiteClock "0:00:06"]
[BlackClock "0:00:37"]

1. d4 f5 2. Nf3 g6 3. Bf4 Bg7 4. e3 d6 5. Be2 Nf6 6. h3 O-O 7. O-O Qe8 8. c4 Nbd7 9. Nc3 e5 10. Bh2 e4 11. Nd2 a6 12. b4 b6 13. Rc1 Bb7 14. a4 h5 15. Qb3 Kh7 16. c5 Qe7 17. cxd6 cxd6 18. Nc4 Ne8 19. b5 a5 20. Nd2 Nef6 21. Bc4 Rac8 22. Nd5 Qd8 23. Nxf6+ Nxf6 24. Be6 Rxc1 25. Rxc1 Re8 26. d5 h4 27. Rd1 Bf8 28. f3 exf3 29. gxf3 Nd7 30. Bxd7 Qxd7 31. Kf2 f4 32. Bxf4 Qxh3 33. Rg1 Qf5 34. Qc3 Bxd5 35. Rg4 Be7 36. Qc7 Bf7 37. Bxd6 Bxd6 38. Rxh4+ Kg7 39. Qxd6 g5 40. Qd4+ Kg6 41. Re4 Rh8 42. Qxb6+ Kg7 43. Qd4+ Kg8 44. Nf1 Rh3 45. Qd8+ Kh7 46. Qd3 Rxf3+ 47. Ke1 Kg8 48. Nd2 Rh3 49. Re8+ Bxe8 50. Qxf5 Rxe3+ 51. Kd1 Bh5+ 52. Kc1 Re1+ 53. Kb2 Rg1 54. Ne4 Kg7 55. Qf6+ Kg8 56. Nxg5 Be8 57. Kc3 Rg3+ 58. Kd4 Rg4+ 59. Ke5 Rxa4 60. Qe6+ Kf8 61. Nh7+ Kg7 62. Qxe8 Rb4 63. Qe7+ Kg6 64. Nf8+ Kh6 65. Qe8 Kg7 66. Ne6+ Kh6 67. Kf6 Rg4 68. Qh8# 1-0


[Site "https://www.chess.com"]

[Event "Titled Tuesday Blitz May 23 Late 2023"]
[White "OPQRC"]
[Black "Panesar Vedant"]
[BlackFideId "35033018"]
[WhiteElo "2549"]
[BlackElo "2347"]
[Result "0-1"]
[Round "08"]
[TimeControl "180+2"]
[Date "2023.05.23"]
[WhiteClock "0:01:34"]
[BlackClock "0:02:05"]

1. e4 e5 2. Nf3 Nc6 3. Bc4 Nf6 4. d4 exd4 5. O-O Nxe4 6. Re1 d5 7. Bxd5 Qxd5 8. Nc3 Qa5 9. Nxe4 Be6 10. Neg5 O-O-O 11. Nxe6 fxe6 12. Rxe6 Bd6 13. Qe2 h6 14. Bd2 Qf5 15. c3 d3 16. Qe4 Qxe4 17. Rxe4 Rhe8 18. Rae1 Rxe4 19. Rxe4 Bc5 20. Kf1 a5 21. Ke1 b6 22. Be3 Bxe3 23. Rxe3 a4 24. Kd2 Na5 25. Ne5 Rd5 26. f4 Rb5 27. Kc1 d2+ 28. Kc2 Rxb2+ 29. Kd1 Rxa2 30. Rg3 Nb3 0-1


[Site "https://www.chess.com"]

[Event "Titled Tuesday Blitz May 23 Late 2023"]
[White "Reprintsev, Alexander"]
[Black "Pakleza, Zbigniew"]
[WhiteFideId "14100541"]
[BlackFideId "1119290"]
[WhiteElo "2218"]
[BlackElo "2410"]
[Result "1-0"]
[Round "08"]
[TimeControl "180+2"]
[Date "2023.05.23"]
[WhiteClock "0:00:18"]
[BlackClock "0:00:00"]

1. e4 d6 2. d4 Nf6 3. Nc3 c6 4. Be2 Nbd7 5. g4 b5 6. g5 Ng8 7. f4 b4 8. Na4 e5 9. Nf3 Qa5 10. b3 h6 11. g6 fxg6 12. Rg1 exf4 13. Rxg6 Ne7 14. Rxd6 g5 15. Bb2 Bg7 16. c4 g4 17. c5 gxf3 18. Bxf3 Kd8 19. Qd2 Rf8 20. O-O-O Kc7 21. Rg1 Bh8 22. Rxh6 Ba6 23. Rh7 Rae8 24. Bg4 Nf6 25. Rxh8 Rxh8 26. Qxf4+ Kb7 27. Qxf6 Qc7 28. d5 Qxh2 29. Rd1 Qh6+ 30. Qxh6 Rxh6 31. dxc6+ Nxc6 32. Rd7+ Ka8 33. e5 Bb5 34. Bf3 Rh3 35. Bd5 Rh2 36. e6 Rf8 37. Rf7 Rg8 38. Bg7 1-0


[Site "https://www.chess.com"]